 Seeded DCSS version 0.29-a0-341-g24ffce5b50 (webtiles) character file.

Game seed: 7497885015580409087 (custom seed)

133 rabbitsville the Bolt Thrower (level 5, -5/33 HPs)
             Began as a Gargoyle Hunter on Apr 20, 2022.
             Slain by Grinder (8 damage)
             ... on level 3 of the Dungeon.
             The game lasted 00:06:32 (1968 turns).

rabbitsville the Bolt Thrower (Gargoyle Hunter)     Turns: 1968, Time: 00:06:32

Health: -5/33      AC:  8    Str: 12 (15) XL:     5   Next: 16%
Magic:  5/5        EV: 11    Int:  8 (9)  God:
Gold:   117        SH:  0    Dex: 14 (15) Spells: 4/4 levels left

rFire   . . .      SeeInvis .   a - +1 hand crossbow
rCold   + . .      Faith    .   (no shield)
rNeg    + . .      Spirit   .   b - +0 leather armour
rPois   ∞          Reflect  .   (no helmet)
rElec   +          Harm     .   (no cloak)
rCorr   .          Rampage  .   e - +0 pair of gloves
Will    .....      Rage     1%  (no boots)
Stlth   +.........              (no amulet)
HPRegen 0.91/turn               (no ring)
MPRegen 0.09/turn               (no ring)

@: studying Fire Magic
A: sickness immunity, AC +4, negative energy resistance 1, electricity
resistance, torment resistance 1, petrification resistance, berserk 1, cold
resistance 1, deterioration 1, regeneration 1
a: no special abilities


You were on level 3 of the Dungeon.
You visited 1 branch of the dungeon, and saw 3 of its levels.

You collected 117 gold pieces.

Inventory:

Hand Weapons
 a - a +1 hand crossbow (weapon)
Armour
 b - a +0 leather armour (worn)
 e - a +0 pair of gloves (worn)
Jewellery
 f - an amulet of faith
Scrolls
 c - 2 scrolls of immolation
 g - 2 scrolls of identify
 i - 3 scrolls of acquirement
 j - a scroll of torment {unknown}
 k - a scroll of noise {unknown}
 l - 2 scrolls of vulnerability
Potions
 d - a potion of degeneration


   Skills:
 + Level 4.3 Fighting
 + Level 5.2 Crossbows
 - Level 1.5 Dodging
 - Level 1.1 Stealth


You had 4 spell levels left.
You didn't know any spells.
Your spell library contained the following spells:

 Spells                   Type           Power      Damage    Failure   Level
 Magic Dart               Conj           0%         1d3       50%         1
 Call Imp                 Summ           0%         N/A       63%         2
 Gell's Gravitas          Tloc           0%         N/A       86%         3
 Lesser Beckoning         Tloc           0%         N/A       86%         3
 Mephitic Cloud           Conj/Pois/Air  0%         N/A       86%         3
 Ozocubu's Armour         Ice            0%         N/A       86%         3
 Teleport Other           Tloc           0%         N/A       86%         3
 Alistair's Intoxication  Tmut/Pois      0%         N/A       100%        5
 Borgnjor's Vile Clutch   Necr/Erth      0%         N/A       100%        5
 Eringya's Noxious Bog    Tmut/Pois      0%         N/A       100%        6
 Ozocubu's Refrigeration  Ice            0%         4d5       100%        7


Dungeon Overview and Level Annotations

Branches:
Dungeon (3/15)

Altars:
Vehumet

Annotations:
D:3 Grinder


Innate Abilities, Weirdness & Mutations

You are immune to sickness and miasma.
Your stone body is resilient. (AC +4)
You are immune to poison.
You resist negative energy. (rN+)
You are resistant to electric shocks. (rElec)
You are resistant to unholy torment.
You are immune to petrification.
You tend to lose your temper in combat.
Your flesh is cold resistant. (rC+)
Your body sometimes deteriorates upon taking damage.
Your natural rate of healing is unusually fast.


Message History

Press: ? - help, Q - select action Shift-Dir - straight line, f/p - Grinder
Aim: Grinder (severely wounded, 62% to hit)
You shoot a bolt. The bolt hits Grinder.
Grinder is almost dead.
Grinder gestures at you.
You suddenly lose the ability to move!
Grinder hits you.
You writhe in agony.
* * * LOW HITPOINT WARNING * * *
Grinder hits you!
* * * LOW HITPOINT WARNING * * *
Grinder blinks!
You can move again.
It was a potion of degeneration.
There was something very wrong with that liquid.
You feel weakened.
You feel dopey.
You feel clumsy.
It was a potion of mutation.
You feel extremely strange.
You feel resistant to cold.
You feel a little pissed off.
You feel yourself wasting away.
You begin to heal more quickly.
Unknown command.
It was a potion of curing.
You feel better. Grinder gestures at you.
You barely resist.
Shoot: a) +1 hand crossbow
Press: ? - help, Q - select action Shift-Dir - straight line, f/p - Grinder
Aim: Grinder (almost dead, 62% to hit)
You shoot a bolt. The bolt hits Grinder.
Grinder is almost dead.
Grinder gestures at you. Pain shoots through your body!
* * * LOW HITPOINT WARNING * * *
Shoot: a) +1 hand crossbow
Press: ? - help, Q - select action Shift-Dir - straight line, f/p - Grinder
Aim: Grinder (almost dead, 62% to hit)
You shoot a bolt. The bolt barely misses Grinder.
Grinder says, "At least Makhleb appreciates what I'm doing."
Grinder gestures at you. Pain shoots through your body!
* * * LOW HITPOINT WARNING * * *
Grinder hits you!
You die...

# #..# #.
...#
#.###..#
.......
#.#..# #.
.....# #.
#.#5.#
#.###.#.@#
###..##.#..#
.....>.....#
####.##.##.#
#......##.#
#.#..###...
#....##.##
#.#<§§.####
#...§....#


You could see Grinder.

Vanquished Creatures
  Natasha (twice) (D:2)
  4 adders (D:2)
  A dart slug (D:2)
  3 endoplasms
  5 goblins
  6 hobgoblins
  3 jackals (D:1)
  3 kobolds
  5 quokkas
  4 ball pythons
  2 bats (D:1)
  2 frilled lizards (D:2)
  4 rats
44 creatures vanquished.

Notes
Turn   | Place    | Note
-------+----------+-------------------------------------------
     0 | D:1      | rabbitsville the Gargoyle Hunter began the quest for the
                  | Orb.
     0 | D:1      | Reached XP level 1. HP: 12/12 MP: 1/1
    72 | D:1      | Upgraded the game from 0.29-a0-340-g6efceafd81 to
                  | 0.29-a0-341-g24ffce5b50
   306 | D:1      | Reached XP level 2. HP: 18/18 MP: 2/2
   643 | D:1      | Reached XP level 3. HP: 21/23 MP: 3/3
  1001 | D:2      | Reached XP level 4. HP: 26/28 MP: 4/4
  1274 | D:2      | Found a radiant altar of Vehumet.
  1545 | D:3      | Noticed Natasha
  1556 | D:2      | Killed Natasha
  1557 | D:2      | Reached skill level 5 in Crossbows
  1562 | D:2      | Identified 4 scrolls of acquirement
  1562 | D:2      | Acquired a manual of Fire Magic
  1588 | D:2      | Noticed Natasha
  1621 | D:2      | HP: 1/29 [Natasha/magic dart (6)]
  1625 | D:2      | Killed Natasha
  1626 | D:2      | Reached XP level 5. HP: 2/33 MP: 5/5
  1926 | D:3      | Found a faded altar of an unknown god.
  1943 | D:3      | Noticed Grinder
  1947 | D:3      | Paralysed by Grinder for 4 turns
  1960 | D:3      | Paralysed by Grinder for 4 turns
  1962 | D:3      | HP: 1/33 [Grinder (8)]
  1965 | D:3      | Gained mutation: Your flesh is cold resistant. (rC+)
                  | [potion of mutation]
  1965 | D:3      | Gained mutation: You tend to lose your temper in combat.
                  | [potion of mutation]
  1965 | D:3      | Gained mutation: Your body sometimes deteriorates upon
                  | taking damage. [potion of mutation]
  1965 | D:3      | Gained mutation: Your natural rate of healing is unusually
                  | fast. [potion of mutation]
  1968 | D:3      | Slain by Grinder

Illustrated notes

Levels and vault maps discovered:
D:1:      evilmike_arrival_fibonacci_small, layout_basic
D:2:      layout_basic, basic_altar, chequers_serial_rivers_small_b
D:3:      layout_loops_ring, serial_shops, nicolae_shop_overgrown_old_shop,
          ebering_ecumenical_altar_mist, uniq_ijyb, uniq_crazy_yiuf_cottage,
          uniq_grinder, uniq_natasha, uniq_sigmund

Skill      XL: |  1  2  3  4 |
---------------+-------------+-----
Fighting       | 3 4 |  4.3
Crossbows      | 5 |  5.2
Dodging        | |  1.5
Stealth        | |  1.1

Action                   |  1- 3 |  4- 6 || total
-------------------------+-------+-------++-------
 Fire: Hand crossbow     |    87 |    81 ||   168
  Use: Scroll            |       |     2 ||     2
       Potion            |       |     3 ||     3
Armor: Leather armour    |    19 |    24 ||    43
Dodge: Dodged            |    37 |    37 ||    74

Table legend: (Time is in decaauts)
 A = Elapsed time spent in this place.
 B = Non-inter-level travel time spent in this place.
 C = Inter-level travel time spent in this place.
 D = Time resting spent in this place.
 E = Time spent auto-exploring this place.
 F = Levels seen in this place.
 G = Mean time per level.
                   A        B        C        D        E       F      G
               +--------+--------+--------+--------+--------+-----+--------+
         Total |   2028 |   1866 |    162 |    264 |   1156 |   3 |  676.0 |
       Dungeon |   2028 |   1866 |    162 |    264 |   1156 |   3 |  676.0 |
               +--------+--------+--------+--------+--------+-----+--------+

Top non-repeatable levels by time:
     D:1: 1230 daAuts
     D:2: 738 daAuts
     D:3: 59 daAuts
